 Dungeon Crawl Stone Soup version 0.31-a0-251-gdc1e01ee57 (webtiles) character file.

Game seed: 2507879782297669053

198 qw the Shooter (level 5, -11/45 HPs)
             Began as a Minotaur Hexslinger on July 12, 2023.
             Mangled by an ice beast (12 damage)
             ... on level 4 of the Dungeon.
             The game lasted 00:01:06 (3261 turns).

qw the Shooter (Minotaur Hexslinger)                Turns: 3261, Time: 00:01:07

Health: -11/45     AC:  7    Str: 13    XL:     5   Next: 47%
Magic:  5/5        EV: 11    Int: 10    God:
Gold:   239        SH:  0    Dex: 14    Spells: 5/6 levels left

rFire   . . .        Y - +1 sling
rCold   . . .        (no shield)
rNeg    . . .        e - +0 ring mail
rPois   .            (helmet restricted)
rElec   .            d - +0 cloak
rCorr   .            h - +0 pair of gloves
SInv    .            (no boots)
Will    .....        (no amulet)
Stlth   +            (no ring)
HPRegen 0.27/turn    (no ring)
MPRegen 0.09/turn

%: no passive effects
@: about to teleport
A: horns 2, retaliatory headbutt
a: no special abilities


You were on level 4 of the Dungeon.
You visited 1 branch of the dungeon, and saw 5 of its levels.

You collected 239 gold pieces.


Innate Abilities, Weirdness & Mutations

You have a pair of horns on your head.
You reflexively headbutt those who attack you in melee.


   Skills:
 - Level 3.1 Fighting
 + Level 5.4 Ranged Weapons
 - Level 1.6 Armour
 - Level 2.1 Dodging
 - Level 1.0 Spellcasting
 - Level 2.0 Hexes


You had 5 spell levels left.
You knew the following spells:

 Your Spells              Type           Power      Damage    Failure   Level
a - Slow                  Hex            16%        N/A       32%         1

Your spell library contained the following spells:

 Spells                   Type           Power      Damage    Failure   Level
 Inner Flame              Hex/Fire       2%         N/A       82%         3
 Portal Projectile        Hex/Tloc       4%         N/A       82%         3
 Cause Fear               Hex            2%         N/A       97%         4

Inventory:

Hand Weapons
 Y - a +1 sling (weapon)
Armour
 d - a +0 cloak (worn)
 e - a +0 ring mail (worn)
 h - a +0 pair of gloves (worn)
Scrolls
 a - a scroll of identify
 b - 2 scrolls of teleportation
Potions
 f - a potion of attraction {unknown}
 g - 3 potions of haste
 i - a potion of berserk rage {unknown}
 j - 5 potions of curing
 k - a potion of might {unknown}

Dungeon Overview and Level Annotations

Branches:
Dungeon (5/15)
 Temple: D:4-7

Altars:
Dithmenos
Hepliaklqana
Trog
Uskayaw
Vehumet
Zin
The Shining One


Message History

The sling bullet hits the ice beast but does no damage.
The ice beast is heavily wounded.
The ice beast hits you. The ice beast freezes you!
3250 ||| STAIRDANCE The ice beast barely misses you.
You climb upwards.
There is a stone staircase leading down here.
You shoot a sling bullet. The sling bullet hits the ice beast.
The ice beast is severely wounded.
The ice beast hits you but does no damage. x2
You shoot a sling bullet.
The sling bullet closely misses the ice beast.
The ice beast hits you but does no damage.
You shoot a sling bullet.
The sling bullet closely misses the ice beast.
The ice beast barely misses you.
You shoot a sling bullet. The sling bullet hits the ice beast.
The ice beast is severely wounded.
The ice beast completely misses you.
You shoot a sling bullet.
The sling bullet barely misses the ice beast.
The ice beast barely misses you.
You shoot a sling bullet.
The sling bullet closely misses the ice beast.
The ice beast misses you. The ice beast hits you. The ice beast freezes you!
You shoot a sling bullet. The sling bullet hits the ice beast.
The ice beast is severely wounded.
The ice beast hits you but does no damage.
You shoot a sling bullet. The sling bullet hits the ice beast.
The ice beast is almost dead.
The ice beast hits you but does no damage.
You shoot a sling bullet.
The sling bullet closely misses the ice beast.
The ice beast hits you. The ice beast freezes you! The ice beast hits you.
The ice beast freezes you!
3261 ||| READING 3 scrolls of teleportation.
As you read the scroll of teleportation, it crumbles to dust.
You feel strangely unstable. The ice beast hits you. The ice beast freezes you!
You die...

### ##.## #.# ######
##.####...## #.# #....#
#..........# #.# #.##.#######
##.####...####.###.........(#
#.# ##.####...##..#.#####.# #.#
#.###.....#....# #.# #.#
#..............# #.# #.#
#######.###...## #.# #.#### #@#
##.## #.# #.(..# #Y# ### ##.##
####.# ##'## #.#.# #.# ##...##
##.## ##<# ##.....## ####.#
##..# ##.......## ##.##.#
#####...####.........####...#.##
(..........'.........'.......#.#
#.###.....##.........####...#%##


You could see an ice beast.

Vanquished Creatures
  A hound (D:4)
  An iguana (D:4)
  6 adders
  An ufetubus (D:4)
  3 worms
  3 dart slugs
  9 ball pythons
  4 endoplasms
  3 giant cockroaches
  8 goblins
  6 hobgoblins
  4 jackals (D:3)
  2 quokkas
  3 bats
  4 frilled lizards
  4 kobolds
  3 rats
65 creatures vanquished.

Notes
Turn   | Place    | Note
-------+----------+-------------------------------------------
     0 | D:1      | qw the Minotaur Hexslinger began the quest for the Orb.
     0 | D:1      | Reached XP level 1. HP: 16/16 MP: 1/1
     0 | D:1      | 0 ||| qw: Version: 0.3-a-52-g30416fa
     0 | D:1      | 0 ||| qw: Game counter: 6595
     0 | D:1      | 0 ||| qw: Melee chars always use a shield: true
     0 | D:1      | 0 ||| qw: God list: Okawaru
     0 | D:1      | 0 ||| qw: Allow faded altars: false
     0 | D:1      | 0 ||| qw: Do Orc after clearing Dungeon:15 true
     0 | D:1      | 0 ||| qw: Do second Lair branch before Depths: true
     0 | D:1      | 0 ||| qw: Lair rune preference: random
     0 | D:1      | 0 ||| qw: Goals: Normal
     0 | D:1      | 0 ||| PLANNING D:1-11
   118 | D:1      | Reached skill level 3 in Ranged Weapons
   123 | D:1      | Reached XP level 2. HP: 15/23 MP: 2/2
   341 | D:1      | You fall into a shaft and drop 1 floor!
   361 | D:2      | Reached XP level 3. HP: 12/29 MP: 3/3
   535 | D:2      | 535 ||| UPGRADING to +0 ring mail.
   545 | D:2      | 545 ||| DROPPING +0 robe.
   546 | D:2      | 546 ||| UPGRADING to +0 pair of gloves.
   551 | D:2      | 551 ||| DROPPING amulet of magic regeneration.
   552 | D:2      | 552 ||| READING 2 scrolls labelled JEUSIO BEMA.
   553 | D:2      | 553 ||| READING scroll labelled CAXTAS JICOEFA.
   557 | D:2      | 557 ||| DRINKING 2 white potions.
   558 | D:2      | 558 ||| DROPPING scroll of poison.
   702 | D:1      | Reached skill level 4 in Ranged Weapons
   826 | D:1      | 826 ||| READING scroll labelled QAUGRE QAUJOPH.
  1143 | D:2      | Reached skill level 1 in Armour
  1401 | D:2      | 1401 ||| READING scroll labelled FOBAUNN YMOIDA.
  1454 | D:2      | 1454 ||| READING 2 scrolls of identify.
  1454 | D:2      | 1454 ||| IDENTIFYING emerald potion
  1494 | D:3      | Reached XP level 4. HP: 36/36 MP: 4/4
  1603 | D:3      | 1603 ||| FLEEEEING.
  1604 | D:3      | 1604 ||| FLEEEEING.
  1605 | D:3      | 1605 ||| FLEEEEING.
  1606 | D:3      | 1606 ||| FLEEEEING.
  1607 | D:3      | 1607 ||| FLEEEEING.
  1608 | D:3      | 1608 ||| FLEEEEING.
  1609 | D:3      | 1609 ||| FLEEEEING.
  1610 | D:3      | 1610 ||| FLEEEEING.
  1611 | D:3      | 1611 ||| FLEEEEING.
  1612 | D:3      | 1612 ||| FLEEEEING.
  1613 | D:3      | 1613 ||| STAIRDANCE
  1630 | D:3      | 1630 ||| STAIRDANCE
  2057 | D:3      | Found a radiant altar of Vehumet.
  2065 | D:3      | Found a glowing golden altar of the Shining One.
  2072 | D:3      | Found a hide-covered altar of Uskayaw.
  2079 | D:3      | Found a glowing silver altar of Zin.
  2087 | D:3      | Found a bloodstained altar of Trog.
  2095 | D:3      | Found a shadowy altar of Dithmenos.
  2103 | D:3      | Found a hazy altar of Hepliaklqana.
  2307 | D:3      | 2307 ||| DRINKING 2 viscous puce potions.
  2308 | D:3      | 2308 ||| DROPPING potion of brilliance.
  2387 | D:4      | Reached skill level 5 in Ranged Weapons
  2595 | D:4      | Reached XP level 5. HP: 42/42 MP: 5/5
  2624 | D:4      | Reached skill level 3 in Fighting
  3209 | D:4      | 3209 ||| UPGRADING to +0 cloak.
  3214 | D:4      | 3214 ||| DROPPING ring of wizardry.
  3215 | D:4      | 3215 ||| READING 2 scrolls of identify.
  3215 | D:4      | 3215 ||| IDENTIFYING fuming cyan potion
  3216 | D:4      | 3216 ||| DROPPING potion of lignification.
  3241 | D:5      | Entered Level 5 of the Dungeon
  3241 | D:5      | Noticed an ice beast
  3250 | D:5      | 3250 ||| STAIRDANCE
  3260 | D:4      | HP: 4/45 [ice beast (9)]
  3261 | D:4      | 3261 ||| READING 3 scrolls of teleportation.
  3261 | D:4      | HP: 1/45 [ice beast (3)]
  3261 | D:4      | Mangled by an ice beast

Levels and vault maps discovered:
D:1:      sevenhm_arrival_forest_fort_small_4, layout_rooms
D:2:      layout_basic, chequers_big_river
D:3:      layout_basic, grunt_temple_overflow_octagram, grunt_decor_cap
D:4:      layout_loops_corners, item_on_display_a
D:5:      layout_layer_cave, minmay_temple_entry_arrows,
          nicolae_zen_rock_garden, st_stairs_6, minmay_lizard_king, uniq_grinder

Skill      XL: |  1  2  3  4  5 |
---------------+----------------+-----
Ranged Weapons | 3 4 5 |  5.4
Fighting       | 2 3 |  3.1
Armour         | 1 |  1.6
Dodging        | |  2.1
Spellcasting   | |  1.0
Hexes          | |  2.0

Action                     |  1- 3 |  4- 6 || total
---------------------------+-------+-------++-------
   Fire: Sling             |   115 |   120 ||   235
    Use: Scroll            |     5 |     2 ||     7
         Potion            |     1 |     1 ||     2
 Armour: Ring mail         |     6 |    34 ||    40
         Robe              |     2 |       ||     2
  Dodge: Dodged            |    31 |    57 ||    88

Table legend:
 A = Non-vault XP
 B = Vault XP
 C = Vault XP percentage of total XP
 D = Non-vault monster count
 E = Vault monster count
 F = Vault count percentage of total count
                 A         B        C        D         E       F
            +---------+---------+-------+---------+---------+-------
      Total |     284 |       0 |   0.0 |      65 |       0 |   0.0
            +---------+---------+-------+---------+---------+-------
        D:1 |      46 |       0 |   0.0 |      24 |       0 |   0.0
        D:2 |      52 |       0 |   0.0 |      14 |       0 |   0.0
        D:3 |      30 |       0 |   0.0 |      13 |       0 |   0.0
        D:4 |     156 |       0 |   0.0 |      14 |       0 |   0.0
            +---------+---------+-------+---------+---------+-------
